Unix NetHack Version 5.0.0-0 post-release - last build Jun 10 2026 00:39:30 (3ee93aec679c4c4259841fe613dc97188e26a321,branch:main).

Game began 2026-06-24 22:11:52, ended 2026-06-27 21:43:47.

IceCreamJones, lawful female human Knight

                          --------------------------
                          |=[(.0...........^..%...>|
                          |.----------------.......|
                          |.|         ------.-------
                          |.|         |..........0|
                          |.|         |0.........0|
                          |.|         |----.--------
                          |.|         |............|
                          |.|         |............|
                          |.|------   --------.-----
                          |.|$(+[.|--  |..........|
                          |.|(.[!.+.|  |..........|
                          |A|.d**.|-|  --.........|
                          |@/DZ#..+.|   ----.-------
                          --|.#+$$|-|     |........|
                            |.[.".+.|     |........|
                            |$....|--     ------...|
                            -------            -----
IceCreamJones the Bachelor  St:18 Dx:13 Co:17 In:9 Wi:16 Ch:18  Lawful
Dlvl:3  $:0  HP:0(77) Pw:99(99) AC:-1 Xp:9 T:15769  Hallu

Latest messages:
 It explodes!
 You are caught in a blast of kaleidoscopic light!
 You are freaked out.
 The hippocampus wakes up.
 You kill the plains centaur!
 The sandestin picks up 30 gold pieces.
 You hit the imp!
 The killer tomato picks up 175 gold pieces.
 The ice vortex misses!
 Lord British hits!
 The ape turns into a wiki!
 You destroy the dingo!
 The chicken moves the rothe out of its way!
 You kill the housecat!
 You hit the land octopus!
 You hear a door open.
 The black light hits!
 The dwarf lord misses!
 The mountain nymph misses!
 The shrieker misses!
 The zruty misses!
 The elf mummy bites!
 You kill the raven!
 The mumak wields a club!
 You hit the little green man!
 The iron golem hits!
 The gelatinous cube hits again!
 The gonzo journalist bites!
 The long worm swaps places with you...
 There is an open door here.
 There are several objects here.
 The hag of bolding butts the lichen.
 The yellow light hits the bugbear.
 The kobold zombie knocks the red naga hatchling backward with a powerful strike!
 You miss the bust vortex.
 Blork the orc strikes at your displaced image and misses you!
 The ettin strikes at your displaced image and misses you!
 The baluchitherium hits!
 The quasit hits again!
 The tiger bites!
 The kobold zombie picks up 52 gold pieces.
 The bonsai-kitten picks up 50 gold pieces.
 The coyote hits!
 The wolf hits again!
 You die...
 Do you want your possessions identified? [ynq] (y)
 Do you want to see your attributes? [ynq] (y)
 Do you want an account of creatures vanquished? [ynaq] (y)
 Do you want to see your conduct and achievements? [ynq] (y)
 Do you want to see the dungeon overview? [ynq] (y)

Inventory:
 Amulets  ('"')
  C - an uncursed amulet of flying
 Weapons  (')')
  q - a blessed +1 dagger
  S - 4 blessed +0 daggers
  R - 5 +0 daggers
  Z - 3 +0 elven daggers (at the ready)
  t - a +0 aklys
  a - the blessed rustproof +1 Excalibur (weapon in right hand)
  o - the rustproof +0 Sunsword
 Armor    ('[')
  d - an uncursed thoroughly rusty +0 dwarvish iron helm (being worn)
  V - an uncursed +0 pair of leather gloves (being worn)
  Y - a blessed +0 pair of iron shoes (being worn)
  e - an uncursed +0 small shield (being worn)
  K - an uncursed +0 cloak of displacement (being worn)
  f - an uncursed +0 dwarvish mithril-coat (being worn)
 Comestibles  ('%')
  h - 9 uncursed carrots
  p - 6 uncursed food rations
  D - an uncursed orange
  i - 7 uncursed tripe rations
  O - 2 uncursed lizard corpses
 Scrolls  ('?')
  y - an uncursed scroll of earth
 Potions  ('!')
  A - 3 uncursed potions of healing
 Rings    ('=')
  l - an uncursed ring of free action (on right hand)
  P - an uncursed ring of invisibility
 Wands    ('/')
  J - a wand of cancellation (0:4)
  v - a wand of magic missile (0:5)
  m - a wand of magic missile (0:4)
  F - a wand of probing (0:8)
  x - a wand of secret door detection (0:12)
  n - a wand of stasis (0:5)
  s - a wand of striking (0:5)
 Tools    ('(')
  r - an uncursed skeleton key
  B - an uncursed tin whistle

IceCreamJones the Knight's attributes:

Background:
 You were a Bachelor, a level 9 female human Knight.
 You were lawful, on a mission for Lugh
 who was opposed by Brigit (neutral) and Manannan Mac Lir (chaotic).
 You were right-handed.
 You were in Sokoban, on level 3.
 You entered the dungeon 15769 turns ago.
 You had 3380 experience points, 1740 more were needed to attain level 10.

Basics:
 You had 0 out of 77 hit points.
 You had all 99 energy points (spell power).
 Your armor class was -1.
 Your wallet was empty.
 Autopickup was off.

Final Characteristics:
 Your strength was 18 (limit:18/100).
 Your dexterity was 13 (limit:18).
 Your constitution was 17 (limit:18).
 Your intelligence was 9 (limit:18).
 Your wisdom was 16 (limit:18).
 Your charisma was 18 (limit:18).

Final Status:
 You were hallucinating.
 You weren't hungry.
 You were unencumbered.
 You were wielding a long sword.
 You had expert skill with long sword.

Final Attributes:
 You were piously aligned.
 You were poison resistant.
 You were level-drain resistant.
 You were telepathic.
 You had automatic searching.
 You were displaced.
 You could jump.
 You were guarded.
 Your spell casting was impaired by metallic armor.
 You were fast.
 You had free action.
 You were unlucky.
 You are dead.

Miscellaneous:
 You didn't encounter any bones levels.
 Total elapsed playing time was 3 hours, 30 minutes and 3 seconds.

Major events:
 Turn
    1: IceCreamJones the lawful female human Knight entered the dungeon
  455: entered the Gnomish Mines
 1892: attained the rank of Esquire (level 3)
 5016: attained the rank of Bachelor (level 6)
 9499: reached Mine Town
12101: was given Excalibur by the Lady of the Lake
12641: entered Sokoban
13007: completed 1st Sokoban level
13196: completed 2nd Sokoban level
13541: completed 3rd Sokoban level
15368: was bestowed with Sunsword by Lugh
15686: completed 4th Sokoban level
15769: killed by a hallucinogen-distorted chameleon imitating a displacer beast

Spells:
 Name                 Level Category     Fail Retention
 remove curse           3   clerical      93%   26%-50%
 chain lightning        2   attack       100%   51%-75%

Skills:
 Fighting Skills
   bare handed combat [Unskilled]
   two weapon combat  [Unskilled]
   riding             [Basic]
 Weapon Skills
   dagger             [Unskilled]
   knife              [Unskilled]
   axe                [Unskilled]
   pick-axe           [Unskilled]
   short sword        [Unskilled]
   broadsword         [Unskilled]
   long sword         [Expert]
   two-handed sword   [Unskilled]
   saber              [Unskilled]
   club               [Unskilled]
   mace               [Unskilled]
   morning star       [Unskilled]
   flail              [Unskilled]
   hammer             [Unskilled]
   polearms           [Unskilled]
   spear              [Unskilled]
   trident            [Unskilled]
   lance              [Basic]
   bow                [Unskilled]
   crossbow           [Unskilled]
 Spellcasting Skills
   attack spells      [Unskilled]
   healing spells     [Unskilled]
   clerical spells    [Unskilled]

Voluntary challenges:
 Character rerolling was not enabled.
 You never genocided any monsters.
 You never polymorphed an object.
 You never changed form.
 You used no wishes.
 You violated the special Sokoban rules once.
Achievements:
 You entered the Gnomish Mines.
 You attained the rank of Esquire.
 You attained the rank of Bachelor.
 You entered Minetown.
 You entered a shop.
 You entered a temple.
 You entered Sokoban.

 The Dungeons of Doom: levels 1 to 8
    Level 1:
       A grave.
    Level 2:
       An altar to Lugh, a sink.
       Stairs down to The Gnomish Mines.
    Level 3:
    Level 4: "gold coins"
    Level 5:
    Level 6:
       Some fountains.
       Oracle of Delphi.
    Level 7:
       An altar to Lugh.
       Stairs up to Sokoban, level 6.
    Level 8:
 The Gnomish Mines: levels 3 to 11
    Level 3:
    Level 4:
    Level 5:
    Level 6:
       Many shops, a temple and an altar, some fountains.
    Level 7:
    Level 8:
    Level 9:
    Level 10:
    Level 11:
 Sokoban: levels 6 up to 3
    Level 3: <- You were here.
       Solved.
       Final resting place for
          you, killed by a hallucinogen-distorted chameleon imitating a displacer beast.
    Level 4:
       Solved.
    Level 5:
       Solved.
    Level 6:
       Solved.


Vanquished creatures:
  a giant mimic
 an air elemental
  a wood golem
  a large dog
  a tiger
  a red naga
  2 watchmen
  a wolf
  a panther
  7 leprechauns
  4 giant spiders
  a horse
  a black light
  4 gnome rulers
  a dwarf mummy
  a rust monster
  a werewolf
  2 lizards
  a dog
  a jaguar
  2 blue jellies
  3 dust vortices
  a raven
  2 gnome mummies
  6 water moccasins
  a human zombie
  6 soldier ants
  3 wood nymphs
  a water nymph
  a mountain nymph
  3 Mordor orcs
  a rock piercer
  a pony
  a fog cloud
  4 yellow lights
  2 shriekers
  a violet fungus
 15 gnome leaders
  3 gnomish wizards
  a kobold mummy
  2 gray oozes
  4 elf zombies
  a straw golem
  a paper golem
  8 giant ants
  a little dog
  4 floating eyes
  a kitten
 15 dwarves
  2 kobold leaders
  8 hill orcs
  6 rothes
  a rabid rat
  a giant bat
  5 orc zombies
  2 dwarf zombies
  2 wererats
  2 werejackals
  6 iguanas
  5 killer bees
  6 acid blobs
  4 coyotes
  3 gas spores
  6 hobbits
  2 manes
  4 large kobolds
  5 hobgoblins
  2 giant rats
  3 cave spiders
  2 brown molds
  4 yellow molds
  a green mold
  2 red molds
 50 gnomes
  4 garter snakes
  6 gnome zombies
  9 geckos
 13 jackals
  3 foxes
  4 kobolds
  7 goblins
  7 sewer rats
 13 grid bugs
  a bat
  4 lichens
  a kobold zombie
 14 newts
349 creatures vanquished.

No species were genocided or became extinct.

Game over:
                       ----------
                      /          \
                     /    REST    \
                    /      IN      \
                   /     PEACE      \
                  /                  \
                  |  IceCreamJones   |
                  |       0 Au       |
                  |   killed by a    |
                  | hallucinogen-dis |
                  | torted chameleon |
                  |   imitating a    |
                  |       2026       |
                 *|     *  *  *      | *
        _________)/\\_//(\/(/\)/\//\/|_)_______

Fare thee well IceCreamJones the Knight...

You died in Sokoban on dungeon level 3 with 14120 points,
and 0 pieces of gold, after 15769 moves.
You were level 9 with a maximum of 77 hit points when you died.

